 Dungeon Crawl Stone Soup version 0.29.1-15-g9cfb28693d (webtiles) character file.

Game seed: 16856511874843669248

23 adizb the Grasshopper (level 2, 0/25 HPs)
             Began as a Draconian Warper on Apr 19, 2023.
             Succumbed to an adder's poison
             ... on level 3 of the Dungeon.
             The game lasted 00:04:43 (1226 turns).

adizb the Grasshopper (Draconian Warper)            Turns: 1226, Time: 00:04:43

Health: 0/25       AC:  5    Str: 13    XL:     2   Next: 72%
Magic:  5/5        EV: 10    Int: 13    God:
Gold:   115        SH:  6    Dex: 10    Spells: 2/5 levels left

rFire   . . .      SeeInvis +   d - +2 spear (venom)
rCold   . . .      Faith    .   s - +0 kite shield
rNeg    . . .      Spirit   .   (body armour unavailable)
rPois   .          Reflect  .   (helmet restricted)
rElec   .          Harm     .   (no cloak)
rCorr   .          Rampage  .   o - +0 pair of gloves
Will    .....                   (no boots)
Stlth   +.........              (no amulet)
HPRegen 0.08/turn               e - ring of wizardry
MPRegen 0.09/turn               l - ring of see invisible

@: lethally poisoned (0 -> -9)
A: AC +4, unfitting armour, cold-blooded
a: no special abilities


You were on level 3 of the Dungeon.
You visited 1 branch of the dungeon, and saw 3 of its levels.

You collected 115 gold pieces.

Inventory:

Hand Weapons
 d - a +2 spear of venom (weapon)
Missiles
 c - 7 boomerangs of dispersal
Armour
 o - a +0 pair of gloves (worn)
 s - a +0 kite shield (worn)
Magical Staves
 j - a staff of earth
Jewellery
 e - a ring of wizardry (left hand)
 l - a ring of see invisible (right hand)
Scrolls
 a - 5 scrolls of identify {unknown}
 b - a scroll of blinking
 f - a scroll of torment {unknown}
 g - a scroll of fear {unknown}
 h - 2 scrolls of noise {unknown}
 k - a scroll of teleportation {unknown}
 n - 2 scrolls of amnesia {unknown}
 p - a scroll of summoning {unknown}
 t - a scroll of vulnerability {unknown}
Potions
 i - a potion of invisibility {unknown}
 m - 2 potions of haste {unknown}
 q - 2 potions of lignification {unknown}
 r - a potion of curing {unknown}


   Skills:
 * Level 2.6 Fighting
 - Level 2.0 Maces & Flails
 + Level 0.7 Polearms
 - Level 0.8 Throwing
 + Level 2.2 Dodging
 + Level 0.0 Shields
 * Level 2.4 Spellcasting
 + Level 3.1 Translocations


You had 2 spell levels left.
You knew the following spells:

 Your Spells              Type           Power      Damage    Failure   Level
a - Apportation           Tloc           18%        N/A       10%         1
b - Blink                 Tloc           18%        N/A       16%         2

Your spell library contained the following spells:

 Spells                   Type           Power      Damage    Failure   Level
 Gell's Gravitas          Tloc           9%         N/A       28%         3
 Lesser Beckoning         Tloc           9%         N/A       28%         3
 Teleport Other           Tloc           9%         N/A       28%         3
 Manifold Assault         Tloc           9%         N/A       92%         5
 Alistair's Intoxication  Tmut/Pois      0%         N/A       100%        5


Dungeon Overview and Level Annotations

Branches:
Dungeon (3/15)

Altars:


Innate Abilities, Weirdness & Mutations

Your plain brown scales are hard. (AC +4)
You cannot fit into any form of body armour.
You are cold-blooded and may be slowed by cold attacks.


Message History

An adder comes into view.
You reach to attack!
You miss the adder. The adder bites you.
You are poisoned.
The adder poisons you!
You barely miss the adder.
You feel sick. The adder bites you. The adder completely misses you.
You barely miss the adder.
You feel sick. The adder misses you.
You barely miss the adder.
You feel sick. You block the adder's attack. The adder barely misses you.
You closely miss the adder.
You feel sick. The adder closely misses you.
The adder bites you but does no damage.
You barely miss the adder.
You tail-slap the adder, but do no damage.
You feel sick.
You are no longer poisoned.
The adder bites you but does no damage. x2
You miss the adder. The adder bites you.
You miss the adder. The adder bites you but does no damage.
The adder bites you.
You are poisoned.
The adder poisons you!
You hit the adder.
The adder is poisoned.
Your tail-slap misses the adder.
The adder is lightly wounded.
You feel sick. The adder barely misses you. The adder bites you.
You are more poisoned.
The adder poisons you!
You closely miss the adder.
The adder is moderately wounded.
You feel sick. The adder bites you.
* * * LOW HITPOINT WARNING * * *
You are more poisoned.
The adder poisons you!
You barely miss the adder.
The adder is moderately wounded.
* * * LOW HITPOINT WARNING * * *
You feel very sick. You block the adder's attack.
The adder bites you but does no damage.
You barely miss the adder.
Your tail-slap misses the adder.
The adder is heavily wounded.
You die...

###.......#.#
...........#.#
###.#.###.####
#.#.# #.# #.#.#
#.# ###.#. #.# ...
#.# ######.#####.#
.......@..##.#
######S##.##.# ...
#.##.#
#############.##.#
#................#
#.###########.####
#.# #.....#
#.#######.#####
#.........#


You could see an adder (poisoned).

Vanquished Creatures
  A dart slug (D:2)
  An endoplasm (D:2)
  2 giant cockroaches
  2 hobgoblins
  4 jackals (D:1)
  A ball python (D:1)
  2 bats (D:2)
  2 frilled lizards (D:1)
  2 goblins (D:1)
  2 kobolds (D:2)
  2 rats (D:2)
21 creatures vanquished.

Notes
Turn   | Place    | Note
-------+----------+-------------------------------------------
     0 | D:1      | adizb the Draconian Warper began the quest for the Orb.
     0 | D:1      | Reached XP level 1. HP: 17/17 MP: 3/3
    35 | D:1      | Learned a level 1 spell: Apportation
   106 | D:1      | Reached XP level 2. HP: 22/25 MP: 5/5
   527 | D:1      | Found a faded altar of an unknown god.
  1083 | D:3      | Learned a level 2 spell: Blink
  1226 | D:3      | Succumbed to an adder's poison

Illustrated notes

Levels and vault maps discovered:
D:1:      lemuel_arrival_tunnels, layout_basic,
          hellmonk_ecumenical_altar_prayer_group
D:2:      layout_rooms
D:3:      layout_basic, minmay_misc_feat_room, uniq_robin

Action                   || total
-------------------------++-------
Melee: Spear             ||    54
       Tailslap          ||     2
 Cast: Apportation       ||     2
 Stab: Sleeping          ||     1
Armor: Skin              ||    12
Dodge: Dodged            ||    33
Block: Kite shield       ||     2
